 Dungeon Sprint DCSS version 0.28.0-53-g5a82cb258f (webtiles) character file.

Game seed: 10084718242030678423

44237 sanboga the Swordmaster (level 13, -25/154 HPs)
             Began as a Minotaur Berserker on July 22, 2022.
             Was the Champion of Trog.
             Annihilated by a spriggan berserker
             ... wielding a +0 quarterstaff
              (30 damage)
             ... in the Dungeon (Sprint IX: "|||||||||||||||||||||||||||||").
             The game lasted 00:10:51 (3280 turns).

sanboga the Swordmaster (Minotaur Berserker)        Turns: 3280, Time: 00:10:53

Health: -25/154    AC: 31    Str: 26    XL:     13   Next: 95%
Magic:  12/12      EV: 13    Int:  4    God:    Trog [******]
Gold:   1305       SH:  0    Dex: 11    Spells: 12/12 levels left

rFire   + . .      SeeInvis .   u - +5 sword of Power {vorpal}
rCold   + . .      Faith    .   (shield currently unavailable)
rNeg    . . .      Spirit   .   B - +6 chain mail of the Playwright {rPois rC+}
rPois   +          Reflect  .   s - +1 hat {Stlth+}
rElec   .          Harm     .   t - +0 cloak
rCorr   .          Rampage  .   z - +1 pair of gloves
Will    .....      NoTele   +   i - +0 pair of boots
Stlth   ..........              (no amulet)
HPRegen 0.35/turn               r - ring of protection from fire
MPRegen 0.13/turn               m - +2 ring of evasion

@: mighty, on berserk cooldown
A: horns 2, retaliatory headbutt
a: Renounce Religion, Berserk, Trog's Hand, Brothers in Arms


You were in the Dungeon.
You worshipped Trog.
Trog was exalted by your worship.
You visited 1 branch You collected 1664 gold pieces.
You spent 359 gold pieces at shops.

Inventory:

Hand Weapons
 b - a +3 antimagic triple sword
 u - the +5 sword of Power (weapon) {vorpal}
   (Trog gifted it to you in the Dungeon)

   It inflicts extra damage upon your enemies.
   It occasionally discharges a powerful but inaccurate bolt of energy upon
   striking a foe, with increased chance the greater the wielder's current
   health.
Armour
 i - a +0 pair of boots (worn)
 s - a +1 hat of stealth (worn)
 t - a +0 cloak (worn)
 z - a +1 pair of gloves (worn)
 B - the +6 chain mail of the Playwright (worn) {rPois rC+}
   (You found it in the Dungeon)

   rC:        It protects you from cold.
   rPois:     It protects you from poison.
Jewellery
 m - a +2 ring of evasion (right hand)
 r - a ring of protection from fire (left hand)
 w - a ring of protection from fire
 x - a ring of protection from fire
 y - a ring of poison resistance
Wands
 j - a wand of acid (8)
 l - a wand of polymorph (10)
Scrolls
 f - 5 scrolls of enchant weapon
 h - a scroll of blinking
 p - 2 scrolls of fog
 q - 6 scrolls of enchant armour
 A - a scroll of identify
Potions
 c - 8 potions of curing
 e - 2 potions of haste
 g - 3 potions of berserk rage
 k - a potion of invisibility
 o - 2 potions of mutation
 v - a potion of lignification {unknown}


   Skills:
 + Level 25.3 Fighting
 O Level 27 Long Blades
 + Level 25.2 Armour
 - Level 5.0 Dodging


You had 12 spell levels left.
You didn't know any spells.
Your spell library was empty.

Dungeon Overview and Level Annotations

Branches:
Dungeon (1/1)

Altars:
Cheibriados
Dithmenos
Elyvilon
Fedhas
Gozag
Hepliaklqana
Kikubaaqudgha
Makhleb
Nemelex Xobeh
Okawaru
Qazlal
Ru
Sif Muna
Trog
Uskayaw
Vehumet
Wu Jian
Xom
Yredelemnul
Zin
The Shining One
Beogh
Jiyva
Lugonu

Shops:
D [:?!


Innate Abilities, Weirdness & Mutations

You have a pair of horns on your head.
You reflexively headbutt those who attack you in melee.


Message History

The spriggan berserker rages.
The death yak rages.
The spriggan air mage points at you and mumbles some strange words.
The bolt of lightning hits you!
* * * LOW HITPOINT WARNING * * *
You miss the spriggan air mage.
The spriggan air mage is lightly wounded.
You chop the spriggan air mage into pieces!!!
You kill the spriggan air mage!
Trog accepts your kill.
Trog appreciates your killing of a magic user.
You slice the death yak!! Your headbutt misses the death yak.
The death yak is moderately wounded.
The death yak closely misses you.
You barely miss the death yak.
The death yak is moderately wounded.
The death yak misses you. You furiously retaliate!
You headbutt the death yak!
The spriggan berserker rages.
You slice the death yak!!
The death yak is severely wounded.
The death yak gores you!!
* * * LOW HITPOINT WARNING * * *
You barely miss the death yak.
The death yak is severely wounded.
The death yak closely misses you.
You slice the death yak like a ripe choko!!!
You kill the death yak!
The death yak's corpse disappears in a puff of smoke!
The spriggan berserker closely misses you.
You completely miss the spriggan berserker.
The spriggan berserker barely misses you.
You furiously retaliate!
You headbutt the spriggan berserker!!
You cut the spriggan berserker into ribbons!!!
Your headbutt misses the spriggan berserker.
The spriggan berserker is almost dead.
The spriggan berserker hits you with a +0 quarterstaff!
* * * LOW HITPOINT WARNING * * *
You barely miss the spriggan berserker.
The spriggan berserker is almost dead.
The spriggan berserker hits you with a +0 quarterstaff!!
You die...

▓▓▓▓▓▓▓▓▓▓▓▓▓▓▓▓▓▓
▓...▓...▓...▓...▓.
▓.▓.▓.▓.▓.▓.▓.▓.▓.
▓.▓.▓.▓.▓.▓.▓.▓.▓.
▓.▓.▓.▓.▓.▓.▓.▓.▓.
▓.▓.▓.▓.▓.▓.▓.▓.▓.
▓@▓.▓.▓.▓.▓.▓.▓.▓.
▓i▓.▓.▓.▓.▓.▓.▓.▓.
▓.▓.▓.▓.▓.▓.▓.▓.▓'
▓.▓.▓.▓.▓.▓.▓.▓.▓.
▓.▓.▓.▓.▓'▓.▓.▓.▓!
▓C▓.▓.▓.▓=▓.▓.▓.▓.
▓.▓.▓.▓.▓.▓.▓.▓.▓.
▓C▓.▓.▓.▓.▓.▓.▓.▓.
▓.▓)▓.▓.▓.▓.▓'▓.▓.


You could see a frost giant, a stone giant and a spriggan berserker (berserk,
regenerating, strong-willed).

Vanquished Creatures
  A lich (D)
  Gastronok (D)
  A sphinx (D)
  Donald (D)
  A nagaraja (D)
  A very ugly thing (D)
  An eleionoma (D)
  A spark wasp (D)
  2 bunyips (D)
  An ettin (D)
  A great orb of eyes (shapeshifter) (D)
  A rakshasa (D)
  Harold (D)
  2 hydras (D)
  An ice dragon (D)
  2 great orbs of eyes (D)
  Erolcha (D)
  2 centaur warriors (D)
  An alligator (D)
  2 spriggan air magi (D)
  A tengu warrior (D)
  A deep troll shaman (D)
  A naga sharpshooter (D)
  A spriggan berserker (D)
  A deep troll earth mage (D)
  Urug (D)
  A shock serpent (D)
  3 sea snakes (D)
  A glowing orange brain (D)
  A steelbarb worm (D)
  An orb spider (D)
  A sun moth (D)
  3 orc knights (D)
  A harpy (D)
  A swamp dragon (D)
  A deep elf pyromancer (D)
  An ugly thing (D)
  A wolf spider (D)
  A mana viper (D)
  A cyclops (D)
  4 orc sorcerers (D)
  An elephant (D)
  2 manticores (D)
  A will-o-the-wisp (D)
  A moth of wrath (D)
  A merfolk siren (D)
  5 black mambas (D)
  A rime drake (shapeshifter) (D)
  Psyche (D)
  A kobold demonologist (D)
  A rime drake (D)
  3 komodo dragons (D)
  An efreet (D)
  A freezing wraith (D)
  A meliai (D)
  2 merfolk (D)
  2 polar bears (D)
  A blink frog (D)
  A hornet (D)
  A tyrant leech (D)
  2 tarantellas (D)
  A water elemental (D)
  A spriggan (D)
  A culicivora (D)
  3 yaks (D)
  A wyvern (D)
  A vampire (D)
  A shadow (D)
  5 water moccasins (D)
  6 black bears (D)
  11 orc warriors (D)
  2 centaurs (D)
  2 wolves (D)
  2 bullfrogs (D)
  A howler monkey (D)
  3 orc priests (D)
  A gnoll shaman (D)
  An iguana (D)
  13 orc wizards (D)
  An adder zombie (D)
  5 orcs (D)
  2 ball pythons (D)
  2 giant cockroaches (D)
  A ball python skeleton (D)
  A ball python zombie (D)
  A bat (D)
  A bat simulacrum (D)
153 creatures vanquished.

Vanquished Creatures (others)
  A wizard (D)
  An unseen horror (shapeshifter) (D)
2 creatures vanquished.

Grand Total: 155 creatures vanquished

Notes
Turn   | Place    | Note
-------+----------+-------------------------------------------
     0 | D        | sanboga the Minotaur Berserker began the quest for the Orb.
     0 | D        | Reached XP level 1. HP: 19/19 MP: 0/0
     9 | D        | Reached skill level 4 in Long Blades
    10 | D        | Reached ** piety under Trog
    25 | D        | Noticed a centaur
    25 | D        | Noticed a gnoll shaman
    25 | D        | Noticed an iguana
    32 | D        | Killed a centaur
    33 | D        | Reached skill level 6 in Long Blades
    33 | D        | Reached skill level 5 in Armour
    33 | D        | Reached skill level 5 in Dodging
    33 | D        | Reached XP level 2. HP: 19/30 MP: 1/1
    33 | D        | Reached XP level 3. HP: 23/37 MP: 2/2
    33 | D        | Reached XP level 4. HP: 28/44 MP: 3/3
    33 | D        | Reached *** piety under Trog
    41 | D        | Reached skill level 7 in Long Blades
    41 | D        | Reached XP level 5. HP: 35/52 MP: 4/4
   204 | D        | Found a snail-covered altar of Cheibriados.
   204 | D        | Found a shadowy altar of Dithmenos.
   204 | D        | Found a white marble altar of Elyvilon.
   204 | D        | Found a blossoming altar of Fedhas.
   204 | D        | Found an opulent altar of Gozag.
   205 | D        | Found a hazy altar of Hepliaklqana.
   206 | D        | Found a viscous altar of Jiyva.
   207 | D        | Found an ancient bone altar of Kikubaaqudgha.
   208 | D        | Found a corrupted altar of Lugonu.
   209 | D        | Found a burning altar of Makhleb.
   210 | D        | Found a sparkling altar of Nemelex Xobeh.
   211 | D        | Found an iron altar of Okawaru.
   212 | D        | Found a stormy altar of Qazlal.
   213 | D        | Found a sacrificial altar of Ru.
   214 | D        | Found a shimmering blue altar of Sif Muna.
   215 | D        | Found a bloodstained altar of Trog.
   216 | D        | Found a hide-covered altar of Uskayaw.
   217 | D        | Found a radiant altar of Vehumet.
   218 | D        | Found an ornate altar of the Wu Jian Council.
   219 | D        | Found a shimmering altar of Xom.
   220 | D        | Found a basalt altar of Yredelemnul.
   221 | D        | Found a glowing silver altar of Zin.
   222 | D        | Found a glowing golden altar of the Shining One.
   271 | D        | Noticed a kobold demonologist
   271 | D        | Noticed a centaur
   271 | D        | Noticed a shadow
   271 | D        | Noticed a yak
   271 | D        | Noticed an orc warrior
   275 | D        | Killed a kobold demonologist
   275 | D        | Reached **** piety under Trog
   276 | D        | Reached skill level 10 in Fighting
   276 | D        | Reached skill level 10 in Long Blades
   276 | D        | Reached XP level 6. HP: 66/66 MP: 5/5
   279 | D        | Reached skill level 10 in Armour
   280 | D        | Killed a shadow
   281 | D        | Reached skill level 11 in Long Blades
   281 | D        | Reached XP level 7. HP: 74/74 MP: 6/6
   283 | D        | Killed a yak
   289 | D        | Reached ***** piety under Trog
   435 | D        | Noticed an efreet
   435 | D        | Noticed a centaur warrior
   435 | D        | Noticed a cyclops
   435 | D        | Noticed a rime drake
   435 | D        | Noticed a vampire
   437 | D        | Killed an efreet
   438 | D        | Reached skill level 12 in Long Blades
   438 | D        | Reached XP level 8. HP: 85/85 MP: 7/7
   443 | D        | Killed a centaur warrior
   444 | D        | Reached skill level 13 in Long Blades
   449 | D        | Killed a cyclops
   450 | D        | Reached skill level 14 in Long Blades
   450 | D        | Reached XP level 9. HP: 95/95 MP: 8/8
   454 | D        | Killed a rime drake
   457 | D        | Received a gift from Trog
   744 | D        | Noticed a komodo dragon
   749 | D        | Reached skill level 15 in Fighting
   749 | D        | Reached skill level 15 in Long Blades
   754 | D        | Noticed a rime drake
   760 | D        | Killed a komodo dragon
   760 | D        | Reached ****** piety under Trog
   761 | D        | Reached skill level 15 in Armour
   768 | D        | Received a gift from Trog
   772 | D        | Killed a rime drake
   872 | D        | Noticed a komodo dragon
   872 | D        | Noticed a komodo dragon
   872 | D        | Noticed an elephant
   878 | D        | Killed a komodo dragon
   879 | D        | Reached skill level 16 in Long Blades
   879 | D        | Reached XP level 10. HP: 107/107 MP: 9/9
   891 | D        | Killed an elephant
   893 | D        | Received a gift from Trog
   896 | D        | Reached skill level 17 in Long Blades
   981 | D        | Received a gift from Trog
  1006 | D        | Found the +7 Throatcutter {drain, coup de grace}
  1143 | D        | Noticed Urug
  1151 | D        | Killed Urug
  1152 | D        | Reached skill level 18 in Long Blades
  1157 | D        | Noticed Psyche
  1161 | D        | Killed Psyche
  1161 | D        | Received a gift from Trog
  1161 | D        | Found the +5 sword of Power {vorpal}
  1333 | D        | Noticed an orc knight
  1335 | D        | Identified the +4 great sword "Muha Yxt" {vorpal, Will+
                  | SInv} (Trog gifted it to you in the Dungeon)
  1335 | D        | Received a gift from Trog
  1344 | D        | Killed an orc knight
  1345 | D        | Reached XP level 11. HP: 91/119 MP: 10/10
  1345 | D        | Received a gift from Trog
  1443 | D        | Noticed an orc knight
  1443 | D        | Noticed an orc knight
  1452 | D        | Killed an orc knight
  1453 | D        | Reached skill level 19 in Long Blades
  1457 | D        | Killed an orc knight
  1460 | D        | Received a gift from Trog
  1590 | D        | Found Gierethra's Antique Armour Emporium.
  1590 | D        | Noticed an orc sorcerer
  1590 | D        | Noticed an orc sorcerer
  1595 | D        | Found Sielul Jece's Book Shoppe.
  1595 | D        | Noticed an orc sorcerer
  1596 | D        | Noticed a soul eater
  1596 | D        | Killed an orc sorcerer
  1596 | D        | Received a gift from Trog
  1602 | D        | Found Repuypn's Magic Scroll Emporium.
  1603 | D        | Killed an orc sorcerer
  1604 | D        | Reached skill level 20 in Long Blades
  1607 | D        | Killed an orc sorcerer
  1608 | D        | Found Tutius's Distillery.
  1612 | D        | Received a gift from Trog
  1622 | D        | Noticed an orc sorcerer
  1623 | D        | Identified the +8 great sword of the Feather {vorpal,
                  | Str+4} (Trog gifted it to you in the Dungeon)
  1623 | D        | Received a gift from Trog
  1626 | D        | Noticed a sun demon
  1638 | D        | Killed an orc sorcerer
  1648 | D        | Bought a potion of might for 44 gold pieces
  1648 | D        | Bought a potion of heal wounds for 55 gold pieces
  1648 | D        | Bought a potion of haste for 110 gold pieces
  1651 | D        | Bought a scroll of enchant weapon for 75 gold pieces
  1651 | D        | Bought a scroll of blinking for 75 gold pieces
  1698 | D        | Noticed Harold
  1705 | D        | Killed Harold
  1705 | D        | Received a gift from Trog
  1753 | D        | Noticed Gastronok
  1764 | D        | Killed Gastronok
  1765 | D        | Reached skill level 21 in Long Blades
  1870 | D        | Got the +6 chain mail of the Playwright {rPois rC+}
  1899 | D        | Noticed a centaur warrior
  1899 | D        | Noticed a deep elf pyromancer
  1899 | D        | Noticed a green ugly thing
  1905 | D        | Noticed a seven-headed hydra
  1907 | D        | Noticed a lich
  1908 | D        | Killed a centaur warrior
  1910 | D        | Killed a green ugly thing
  1911 | D        | Noticed a glowing orange brain
  1912 | D        | Received a gift from Trog
  1913 | D        | Reached skill level 22 in Long Blades
  1914 | D        | Killed a deep elf pyromancer
  1917 | D        | Noticed a wizard
  1928 | D        | Killed a lich
  1929 | D        | Reached XP level 12. HP: 56/134 MP: 11/11
  1932 | D        | Killed an 11-headed hydra
  1932 | D        | Received a gift from Trog
  1933 | D        | Noticed a boulder beetle
  1934 | D        | Noticed an ettin
  1934 | D        | a boulder beetle changed into an ettin
  1936 | D        | Reached skill level 23 in Long Blades
  1937 | D        | Noticed a radroach
  1937 | D        | an ettin changed into a radroach
  1939 | D        | Noticed a great orb of eyes
  1939 | D        | a radroach changed into a great orb of eyes
  1941 | D        | Killed a great orb of eyes
  2175 | D        | Noticed a deep troll shaman
  2176 | D        | Noticed a great orb of eyes
  2177 | D        | Noticed a deep troll earth mage
  2180 | D        | Killed a deep troll shaman
  2182 | D        | Killed a great orb of eyes
  2189 | D        | Killed a deep troll earth mage
  2386 | D        | Noticed Erolcha
  2395 | D        | Killed Erolcha
  2395 | D        | Received a gift from Trog
  2396 | D        | Reached skill level 24 in Long Blades
  2436 | D        | Noticed a nagaraja
  2442 | D        | Killed a nagaraja
  2454 | D        | Received a gift from Trog
  2458 | D        | Reached skill level 25 in Long Blades
  2551 | D        | Received a gift from Trog
  2560 | D        | Reached XP level 13. HP: 133/145 MP: 12/12
  2607 | D        | Noticed a bunyip
  2612 | D        | Noticed a bunyip
  2613 | D        | Received a gift from Trog
  2618 | D        | Reached skill level 26 in Long Blades
  2620 | D        | Noticed an eleionoma
  2629 | D        | Killed a bunyip
  2630 | D        | Killed an eleionoma
  2634 | D        | Killed a bunyip
  2720 | D        | Received a gift from Trog
  2723 | D        | Reached skill level 27 in Long Blades
  2734 | D        | Received a gift from Trog
  2905 | D        | Noticed Donald
  2919 | D        | Killed Donald
  3222 | D        | Noticed a spark wasp
  3222 | D        | Noticed an ettin
  3222 | D        | Noticed a brown very ugly thing
  3227 | D        | Killed a spark wasp
  3231 | D        | Killed a brown very ugly thing
  3233 | D        | Killed an ettin
  3233 | D        | Received a gift from Trog
  3234 | D        | Noticed a sphinx
  3249 | D        | Killed a sphinx
  3249 | D        | Noticed a stone giant
  3250 | D        | Noticed a frost giant
  3253 | D        | Received a gift from Trog
  3256 | D        | HP: 7/154 [spriggan berserker/+0 hand axe (12)]
  3279 | D        | HP: 5/154 [spriggan berserker/+0 quarterstaff (15)]
  3280 | D        | Annihilated by a spriggan berserker

Illustrated notes

Levels and vault maps discovered:
D:        linesprint [early_d, line_temple, items_1, d_10, items_2, lair_1,
          lair_end, items_3, orc_1, orc_end, items_4, d_15, swamp_1, shoals_1,
          snake_1, spider_1, d_20, vaults_1, items_5, swamp_end, shoals_end,
          snake_end, spider_end, vaults_end, d_27, items_6, zot_1, zot_end,
          crypt_end, forest_end, elf_end, slime_end, tomb_end, abyss_end,
          pan_hell_end]

Skill      XL: |  1  2  3  4  5  6  7  8  9 10 11 12 13 |
---------------+----------------------------------------+-----
Fighting       | 6 7 10 11 12 14 16 18 20 22 25 | 25.3
Long Blades    | 6 7 10 11 12 14 16 18 22 25 27 | 27.0
Armour         | 5 6 9 10 12 13 15 18 20 21 25 | 25.2
Dodging        | 5 |  5.0

Action                   |  1- 3 |  4- 6 |  7- 9 | 10-12 | 13-15 || total
-------------------------+-------+-------+-------+-------+-------++-------
Melee: Falchion          |    21 |     7 |       |       |       ||    28
       Headbutt          |     2 |     1 |     8 |    31 |    17 ||    59
       Scimitar          |       |     6 |    61 |       |       ||    67
       Great sword       |       |       |     5 |   183 |    95 ||   283
       Long sword        |       |       |       |     6 |       ||     6
Invok: Berserk           |     1 |     1 |     3 |     5 |     4 ||    14
Evoke: Wand              |       |       |       |       |     2 ||     2
  Use: Potion            |       |       |       |     3 |     5 ||     8
       Scroll            |       |       |       |     1 |     3 ||     4
Armor: Animal skin       |     8 |       |       |       |       ||     8
       Plate armour      |       |     1 |    25 |    59 |       ||    85
       Chain mail        |       |       |       |    44 |    49 ||    93
Dodge: Dodged            |    19 |     8 |    16 |    75 |    45 ||   163
